AoeStats
← Erick14mar

MegaRandom

508646737Analyzed
2v2 RM · 10d ago on Sep 23, 2026· 26m 19s· 4 players
Game mode
Random Map
Map size
Medium (4 player)
Population
200
Speed
Normal
Resources
Standard
Victory
Conquest
Starting age
Dark Age
Ending age
Imperial Age
RankedLock teamsTeams togetherTeam positionsShared explorationLock speedFull tech treeHidden civsTurbo modeCheats
Victory
Defeat
🇹🇼 Persians · Taiwan
1475
+8
🇵🇪 Lithuanians · Peru
1300
+13
🇫🇷 Varangians · France
1312
-12
🇫🇷 Franks · France
1225
-9
Erick14mar
5:00 Loom
8:51 Feudal Age
22:49 Fletching
26:49 Wheelbarrow
isdaniel
3:16 Loom
4:41 Loom
9:26 Feudal Age
10:01 Double-Bit Axe
10:05 Horse Collar
21:22 Castle Age
19:45 Gold Mining
20:32 Fletching
21:44 Bodkin Arrow
22:00 Bow Saw
22:36 Bloodlines
24:02 Ballistics
24:49 Husbandry
26:54 Wheelbarrow
Elfufu
10:27 Feudal Age
10:39 Loom
18:28 Double-Bit Axe
25:09 Castle Age
25:55 Elite Skirmisher
Le Miel Jospin
5:07 Loom
9:44 Feudal Age
12:31 Fishing Lines
18:59 Double-Bit Axe
23:55 Castle Age
22:01 Horse Collar
25:53 Bloodlines
25:43 Husbandry
25:47 Gold Mining
Connection lost

Rejoining the realm…

Still unreachable

The connection could not be restored.

Session expired

The server has moved on; the page needs a fresh start.